 Dungeon Crawl Stone Soup version 0.17-a0-1838-g891d947 (webtiles) character file.

10915 mcbry74 the Grappler (level 11, -4/101 HPs)
             Began as a Minotaur Berserker on Sept 15, 2015.
             Was an Elder of Trog.
             Slain by Maud
             ... wielding a +3 demon trident of venom
              (15 damage)
             ... on level 3 of the Lair of Beasts.
             The game lasted 01:39:23 (13355 turns).

mcbry74 the Grappler (Minotaur Berserker)          Turns: 13355, Time: 01:39:24

Health: -4/101     AC: 16    Str: 30    XL:     11   Next: 42%
Magic:  10/10      EV: 14    Int:  4    God:    Trog [****..]
Gold:   520        SH:  0    Dex: 10    Spells: 0 memorised, 10 levels left

rFire  . . .     SeeInvis +       - Unarmed
rCold  + . .     Clarity  +     e - +2 scale mail {rC+}
rNeg   . . .     SustAt   .     (no shield)
rPois  .         Gourm    .     (helmet restricted)
rElec  .         Spirit   .     y - +0 cloak
rCorr  .         Warding  .     v - +0 pair of gloves
rMut   .         Stasis   +     q - +1 pair of boots
MR     .....                    k - amulet of stasis
Stlth  ..........               (no ring)
                                h - +2 ring of strength

@: mighty, not resistant to hostile enchantments, extremely unstealthy
A: retaliatory headbutt, horns 2, see invisible, clarity, clumsy 1, spit poison
1
a: Spit Poison, Burn Spellbooks, Berserk, Trog's Hand, Brothers in Arms,
Renounce Religion


You were on level 3 of the Lair of Beasts.
You worshipped Trog.
Trog was greatly pleased with you.
You were not hungry.

You visited 2 branches of the dungeon, and saw 12 of its levels.

You collected 520 gold pieces.

Inventory:

Armour
 e - a +2 scale mail of cold resistance (worn)
 q - a +1 pair of boots (worn)
 v - a +0 pair of gloves (worn)
 y - a +0 cloak (worn)
 F - a +0 pair of boots
Jewellery
 h - a +2 ring of strength (left hand)
 k - an amulet of stasis (around neck)
Magical devices
 a - a wand of flame (15)
 o - a wand of paralysis (13)
 r - a wand of lightning (1)
 w - a wand of polymorph (12)
 x - a wand of flame (15)
 z - a wand of enslavement (13)
 B - a wand of flame (20)
 K - a wand of lightning (7)
Scrolls
 f - a scroll of blinking
 i - 3 scrolls of identify
 n - 2 scrolls of teleportation
 p - a scroll of amnesia {unknown}
 s - a scroll of enchant armour {unknown}
 u - 6 scrolls of remove curse
 G - a scroll of acquirement {unknown}
 H - a scroll of magic mapping
 I - a scroll of fear {unknown}
Potions
 c - a potion of cancellation
 g - a potion of haste
 j - 3 potions of flight
 l - a potion of agility
 A - 2 potions of brilliance {unknown}
 J - a potion of ambrosia {unknown}
Miscellaneous
 E - a lantern of shadows
Comestibles
 b - 3 bread rations
 d - 5 meat rations
 m - 9 royal jellies
 C - 7 fruits


   Skills:
 + Level 10.9 Fighting
 + Level 10.8 Armour
 + Level 9.1 Dodging
 - Level 1.0 Stealth
 + Level 11.8 Unarmed Combat


You had 10 spell levels left.
You didn't know any spells.

Dungeon Overview and Level Annotations

Branches:
Dungeon (9/15)             Temple (0/1) D:7            Lair (3/8) D:9
  Swamp: Lair:3-6    Shoals: Lair:3-6     Snake: Lair:3-6    Spider: Lair:3-6
    Orc: D:9-12

Altars:
Cheibriados
Dithmenos
Fedhas
Makhleb
Nemelex Xobeh
Okawaru
Qazlal
Ru
Sif Muna
Trog
Xom
Yredelemnul

Annotations:
Lair:3 Maud


Innate Abilities, Weirdness & Mutations

You reflexively headbutt those who attack you in melee.
You have a pair of horns on your head.
You have supernaturally acute eyesight.
You possess an exceptional clarity of mind.
You are clumsy. (Dex -2)
You can spit weak poison.


Message History

You feel very sick.
Maud hits you with a demon trident of venom!
You are more poisoned.
You hit Maud. You headbutt Maud. You punch Maud, but do no damage.
Maud is heavily wounded.
* * * LOW HITPOINT WARNING * * *
You feel very sick.
Maud hits you with a demon trident of venom!!
* * * LOW HITPOINT WARNING * * *
You are more poisoned.
Drink which item? (? for menu, Esc to quit)
It was a potion of might.
You feel very mighty all of a sudden.
* * * LOW HITPOINT WARNING * * *
You feel very sick. Maud misses you.
Drink which item? (? for menu, Esc to quit)
It was a potion of curing.
You feel better.
Maud hits you with a demon trident of venom!
You die...

#..... ### ####.#.
####.########.#..##
##.).....P##..#.....
#P.##!##......#.#.P#
#...?..#.####...#...
##.......## #.#.....
#.........###...#.#.
#.@@...8..(##...#.##
#..##........##......
#. ###........##...#
# #..#..8..##.#.#
...........##.8.
.................
...8..8.>.8....<.
.................
...........#..8.


You could see Maud (invisible).

Vanquished Creatures
  A hydra (Lair:3)
  An ugly thing (D:9)
  A black mamba (Lair:2)
  3 spiny frogs
  2 komodo dragons
  4 blink frogs
  Eustachio (D:6)
  4 yaks (Lair:1)
  A hippogriff (D:7)
  The ghost of Medved the Chiller, an average DgIE (D:4)
  Menkaure (D:4)
  Edmund (D:4)
  4 water moccasins
  3 porcupines
  3 black bears
  An orc warrior (D:9)
  4 sky beasts
  5 ice beasts
  3 ogres
  4 centaurs
  2 wasps (D:8)
  2 crocodiles
  A brain worm (D:8)
  4 big kobolds
  11 giant frogs
  2 scorpions
  4 killer bees (D:6)
  12 crimson imps
  2 hounds
  4 wights (D:6)
  2 jellies
  A centaur skeleton (D:4)
  A quasit (D:8)
  A giant frog skeleton (D:9)
  4 orc priests
  3 giant frog zombies
  Crazy Yiuf (D:7)
  3 centaur zombies
  7 orc wizards
  8 iguanas
  Natasha (twice) (D:2)
  6 worker ants
  A hound zombie (D:7)
  A hound skeleton (D:4)
  A worker ant zombie (D:8)
  15 river rats
  10 adders
  6 gnolls (D:8)
  2 shadow imps
  A white imp (D:8)
  2 oozes
  2 adder zombies
  An adder skeleton (D:7)
  2 worms
  18 orcs
  7 bats
  3 giant cockroaches
  2 hobgoblins
  12 jackals
  4 quokkas
  A ball python (D:6)
  A giant cockroach zombie (D:5)
  3 giant geckos
  A giant gecko skeleton (D:5)
  2 giant newts
  10 goblins
  A jackal skeleton (D:7)
  26 kobolds
  A quokka zombie (D:7)
  7 rats
274 creatures vanquished.

Vanquished Creatures (others)
  2 fungi (D:7)
  A plant (D:9)
3 creatures vanquished.

Grand Total: 277 creatures vanquished

Notes
Turn   | Place    | Note
--------------------------------------------------------------
     0 | D:1      | mcbry74 the Minotaur Berserker began the quest for the Orb.
     0 | D:1      | Reached XP level 1. HP: 19/19 MP: 0/0
   202 | D:1      | Reached XP level 2. HP: 27/27 MP: 1/1
   271 | D:1      | Reached skill level 4 in Fighting
   750 | D:2      | Reached XP level 3. HP: 26/34 MP: 2/2
  1299 | D:2      | Acquired Trog's second power
  1328 | D:2      | Noticed Natasha
  1339 | D:2      | Killed Natasha
  1339 | D:2      | Reached XP level 4. HP: 41/41 MP: 3/3
  1420 | D:2      | Noticed Natasha
  1424 | D:2      | Killed Natasha
  2458 | D:3      | Reached XP level 5. HP: 43/47 MP: 4/4
  2896 | D:4      | Noticed Edmund
  2926 | D:4      | Killed Edmund
  2926 | D:4      | Reached skill level 5 in Fighting
  2926 | D:4      | Reached XP level 6. HP: 28/56 MP: 5/5
  3264 | D:4      | Reached skill level 5 in Unarmed Combat
  3273 | D:4      | Noticed Medved's ghost (average DgIE)
  3290 | D:4      | Killed Medved's ghost
  3417 | D:4      | Noticed Menkaure
  3427 | D:4      | Killed Menkaure
  3427 | D:4      | Reached skill level 5 in Armour
  3427 | D:4      | Reached XP level 7. HP: 62/62 MP: 6/6
  4407 | D:5      | Entered Level 5 of the Dungeon
  4416 | D:5      | Reached skill level 1 in Stealth
  4562 | D:5      | Reached skill level 6 in Fighting
  4876 | D:5      | Reached XP level 8. HP: 69/71 MP: 7/7
  5073 | D:5      | Reached skill level 7 in Unarmed Combat
  5145 | D:5      | Found a shadowy altar of Dithmenos.
  5229 | D:5      | Found a shimmering altar of Xom.
  5233 | D:5      | Found a sacrificial altar of Ru.
  5234 | D:5      | Found a deep blue altar of Sif Muna.
  5236 | D:5      | Found a sparkling altar of Nemelex Xobeh.
  5237 | D:5      | Found a basalt altar of Yredelemnul.
  5275 | D:5      | Found a bloodstained altar of Trog.
  5507 | D:6      | Found a blossoming altar of Fedhas.
  5517 | D:6      | Noticed Eustachio
  5572 | D:6      | Killed Eustachio
  5940 | D:6      | Reached skill level 5 in Dodging
  6188 | D:6      | Reached skill level 8 in Unarmed Combat
  6331 | D:6      | Reached XP level 9. HP: 46/79 MP: 8/8
  7299 | D:6      | Found a burning altar of Makhleb.
  7299 | D:6      | Found a snail-covered altar of Cheibriados.
  7478 | D:7      | Found an iron altar of Okawaru.
  7761 | D:7      | Found a staircase to the Ecumenical Temple.
  7981 | D:7      | Reached skill level 9 in Unarmed Combat
  8172 | D:7      | Noticed Crazy Yiuf
  8178 | D:7      | Killed Crazy Yiuf
  8593 | D:8      | Found a stormy altar of Qazlal.
  8723 | D:8      | Reached XP level 10. HP: 80/90 MP: 9/9
  9106 | D:8      | Reached skill level 10 in Unarmed Combat
  9128 | D:8      | Gained mutation: Your spells are a little easier to cast, but a little less powerful. [mutagenic meat]
  9132 | D:8      | Gained mutation: You possess an exceptional clarity of mind. [mutagenic meat]
  9134 | D:8      | Gained mutation: You have supernaturally acute eyesight. [mutagenic meat]
  9555 | D:9      | Noticed a brown ugly thing
  9565 | D:9      | Killed a brown ugly thing
  9810 | D:9      | Found an iron altar of Okawaru.
  9973 | D:9      | Acquired Trog's third power
  9979 | D:9      | Gained mutation: You are clumsy. (Dex -2) [mutagenic meat]
  9981 | D:9      | Gained mutation: You can spit weak poison. [mutagenic meat]
  9982 | D:9      | Lost mutation: Your spells are a little easier to cast, but a little less powerful. [mutagenic meat]
  9983 | D:9      | Gained mutation: You are partially covered in rough black scales (AC +4, Dex -1). [mutagenic meat]
  9984 | D:9      | Lost mutation: You are partially covered in rough black scales (AC +4, Dex -1). [mutagenic meat]
 10007 | D:9      | Found a staircase to the Lair.
 10088 | Lair:1   | Entered Level 1 of the Lair of Beasts
 10319 | Lair:1   | Reached skill level 11 in Unarmed Combat
 10528 | Lair:1   | Reached skill level 10 in Fighting
 10640 | Lair:1   | Reached skill level 10 in Armour
 11368 | Lair:2   | Reached XP level 11. HP: 70/100 MP: 10/10
 11888 | Lair:2   | Noticed a black mamba
 11896 | Lair:2   | Killed a black mamba
 12742 | Lair:3   | Noticed an eight-headed hydra
 12753 | Lair:3   | Killed an eight-headed hydra
 13336 | Lair:3   | Noticed Maud
 13354 | Lair:3   | HP: 1/101 [poisoned by Maud]
 13355 | Lair:3   | Slain by Maud

Vault maps used:
D:1:      tarquinn_simple_flora_water_c, minmay_liquid_box,
          hangedman_decor_peaks_small, serial_bayou_pond_c,
          minmay_misc_feat_square
D:2:      uniq_natasha
D:4:      first_bread, uniq_menkaure, uniq_edmund
D:5:      lightli_temple_of_fire, minitemple, kennysheep_mini
D:6:      gammafunk_temple_overflow_elements, fedhas_altar_1,
          hangedman_decor_slide_cut, nrook_mini_vaults, uniq_eustachio
D:7:      minmay_temple_entry_statues_fountains, basic_altar,
          uniq_crazy_yiuf_cottage
D:8:      nicolae_overflow_crystal_walls, hangedman_pestilent_swarm,
          basic_loot_grate_trap, minmay_nine_imps
D:9:      okawaru_metal_pillars_3, david_lair_shrubbed
Lair:1:   st_stairs_12
Lair:3:   st_stairs_6, serial_bayou_ford_a, grunt_megastairs_3,
          serial_bayou_shore_b, uniq_maud

Action                   |  1- 3 |  4- 6 |  7- 9 | 10-12 || total
-------------------------+-------+-------+-------+-------++-------
Melee: Unarmed           |    69 |   127 |   416 |   353 ||   965
Invok: Berserk           |     3 |     1 |       |       ||     4
       Trog's Hand       |       |     2 |    13 |     9 ||    24
       Burn Spellbooks   |       |       |       |     2 ||     2
Evoke: Wand              |       |       |       |     1 ||     1
  Use: Scroll            |       |       |    10 |       ||    10
       Potion            |       |       |     7 |     7 ||    14
  Eat: Meat ration       |     1 |     1 |     3 |     1 ||     6
       Chunk             |       |     1 |     3 |    10 ||    14
       Bread ration      |       |       |     1 |     1 ||     2
       Royal jelly       |       |       |       |     1 ||     1
       Fruit             |       |       |       |     1 ||     1
       Pizza             |       |       |       |     1 ||     1
       Beef jerky        |       |       |       |     1 ||     1
